 Dungeon Crawl Stone Soup version 0.27.0-65-ge2af304b15 (webtiles) character file.

Game seed: 11428935065448686980

39730 luarocks the Fighter (level 13, -11/186 HPs)
             Began as a Minotaur Berserker on Aug 18, 2021.
             Was an Elder of Trog.
             Mangled by a cane toad (21 damage)
             ... on level 2 of the Lair of Beasts.
             The game lasted 01:14:00 (18819 turns).

luarocks the Fighter (Minotaur Berserker)          Turns: 18819, Time: 01:14:01

Health: -11/186    AC:  4    Str: 30    XL:     13   Next: 70%
Magic:  4/4        EV: 14    Int:  4    God:    Trog [****..]
Gold:   783        SH: 15    Dex: 10    Spells: 12/12 levels left

rFire    + + +     SeeInvis .   a - +9 hand axe "Kaesh" {antimagic, rF+ Str+3}
rCold    + . .     Faith    .   L - +2 kite shield {rF+}
rNeg     . . .     Spirit   .   G - +0 plate armour
rPois    .         Reflect  .   (helmet restricted)
rElec    .         Harm     .   n - scarf {rC+ rF+}
rCorr    .         Rampage  .   (no gloves)
Will     +++..                  (no boots)
Stlth    ..........             Q - amulet of the acrobat
HPRegen  1.41/turn              K - +4 ring of evasion
MPRegen  0.09/turn              y - ring of willpower

@: berserking, strong-willed, corroded, regenerating, very quick
A: horns 2, retaliatory headbutt
a: Renounce Religion, Berserk, Trog's Hand, Brothers in Arms


You were on level 2 of the Lair of Beasts.
You worshipped Trog.
Trog was greatly pleased with you.
You visited 3 branches of the dungeon, and saw 18 of its levels.

You collected 989 gold pieces.
You spent 206 gold pieces at shops.

Inventory:

Hand Weapons
 a - the +9 hand axe "Kaesh" (weapon) {antimagic, rF+ Str+3}
   (You found it on level 10 of the Dungeon)

   It reduces the magical energy of the wielder, and disrupts the spells and
   magical abilities of those it strikes.
   Natural abilities and divine invocations are not affected.
   Str:       It affects your strength (+3).
   rF:        It protects you from fire.
 b - a +0 hunting sling
Missiles
 l - 9 poisoned darts
 N - 211 sling bullets
Armour
 n - a scarf of resistance (worn)
 G - a +0 plate armour (worn)
 L - a +2 kite shield of fire resistance (worn)
Jewellery
 y - a ring of willpower (right hand)
 K - a +4 ring of evasion (left hand)
 Q - an amulet of the acrobat (around neck)
Scrolls
 e - 3 scrolls of blinking
 g - a scroll of enchant weapon
 i - a scroll of identify
 j - a scroll of acquirement {unknown}
 k - a scroll of enchant armour
 m - a scroll of magic mapping
 t - 3 scrolls of teleportation
 u - a scroll of summoning
 w - a scroll of fear {unknown}
Potions
 c - 10 potions of curing
 d - a potion of lignification
 f - a potion of haste
 h - 2 potions of heal wounds
 C - 5 potions of might
 F - 2 potions of cancellation
 H - a potion of ambrosia


   Skills:
 * Level 14.0 Fighting
 * Level 13.3(13.6) Axes
 - Level 4.6(10.0) Polearms
 * Level 13.8 Armour
 + Level 9.4 Dodging
 * Level 11.5 Shields


You had 12 spell levels left.
You didn't know any spells.
Your spell library was empty.

Dungeon Overview and Level Annotations

Branches:
Dungeon (15/15)            Temple (1/1) D:4            Lair (2/6) D:10
    Orc (0/2) D:9          Vaults (0/5) D:14
  Swamp: Lair:2-4    Shoals: Lair:2-4     Snake: Lair:2-4    Spider: Lair:2-4
 Depths: D:15

Altars:
Ashenzari
Cheibriados
Elyvilon
Fedhas
Nemelex Xobeh
Qazlal
Ru
Uskayaw
Wu Jian
Yredelemnul
Beogh

Shops:
D:2 ?   D:6 !   D:7 (

Annotations:
D:11 3 runed translucent doors, 1 exclusion
Lair:2 1 transporter, exclusion: 3 oklob plants


Innate Abilities, Weirdness & Mutations

You have a pair of horns on your head.
You reflexively headbutt those who attack you in melee.


Message History

The splash of acid hits you but does no damage.
The acid corrodes you!
You are splashed with acid!
* * * LOW HITPOINT WARNING * * *
The oklob plant spits acid at you.
The splash of acid hits you but does no damage.
The acid corrodes you!
You are splashed with acid!
* * * LOW HITPOINT WARNING * * *
You block the cane toad's attack.
You slash the oklob plant!
The oklob plant is moderately damaged.
You hit the cane toad. You completely miss the oklob plant.
You slash the oklob plant!
The oklob plant is heavily damaged.
You hit the oklob plant. You hit the cane toad.
You block the cane toad's attack.
You slash the oklob plant!
The oklob plant is severely damaged.
You hit the oklob plant. You slash the cane toad!
You block the cane toad's attack.
You hit the oklob plant.
The oklob plant is severely damaged.
You hit the oklob plant but do no damage.
You slash the cane toad!
You hit the oklob plant but do no damage.
You headbutt the oklob plant, but do no damage.
The oklob plant is severely damaged.
You slash the oklob plant! You closely miss the cane toad.
You block the cane toad's attack.
You slash the oklob plant!
You destroy the oklob plant!
Trog accepts your kill.
You hit the oklob plant but do no damage.
You hit the cane toad but do no damage. The oklob plant spits acid at you.
The splash of acid hits you!
* * * LOW HITPOINT WARNING * * *
You are splashed with acid!
* * * LOW HITPOINT WARNING * * *
The cane toad stings you!!
You die...

§###..# P≈w#.##
P≈##..# ####.##
[#...# [#...## ####
##..P.#####..#######
....P.##.##...!)$($#
.#............)F@..#
...###.###....$$P.[#
..P# ### #....(.|P$#
.### ##....?:.P# ##
##.####### ## #.##
.# ## .P ..


You could see 3 oklob plants and a cane toad.

Vanquished Creatures
  2 dire elephants (D:14)
  Snorg (D:10)
  An ogre mage (D:13)
  A hydra (D:13)
  A catoblepas (D:14)
  2 centaur warriors (D:14)
  3 tengu warriors
  A death knight (D:12)
  9 two-headed ogres
  A deep elf knight (D:14)
  A necromancer (D:14)
  A deep elf archer (D:14)
  3 deep elf pyromancers
  An oklob plant (Lair:2)
  A cyclops (D:11)
  5 ugly things
  2 slime creatures
  2 manticores
  3 cane toads (Lair:1)
  A gargoyle (D:9)
  Maggie (D:9)
  5 komodo dragons
  A freezing wraith (D:13)
  3 unseen horrors
  Psyche (D:8)
  5 trolls
  A raiju (D:14)
  A hornet (D:6)
  7 blink frogs
  2 vampires (D:12)
  5 wraiths
  15 yaks
  A shadow (D:11)
  A wyvern (Lair:1)
  6 vampire mosquitoes
  4 fire elementals (D:15)
  A basilisk (Lair:2)
  2 acid dragons
  A water moccasin (shapeshifter) (D:13)
  8 water moccasins
  3 black bears
  5 orc warriors
  2 sky beasts (D:5)
  2 necrophages (D:5)
  4 ogres
  10 centaurs
  A phantom (D:5)
  A kobold brigand (D:10)
  7 bullfrogs
  3 scorpions
  A water moccasin skeleton (D:6)
  9 killer bees (D:9)
  An oklob sapling (D:4)
  10 howler monkeys
  4 lava snakes (D:15)
  5 centaur zombies
  2 hounds
  A gnoll shaman (D:9)
  Crazy Yiuf (D:4)
  11 orc priests
  A bullfrog skeleton (D:7)
  A jelly (D:6)
  A centaur skeleton (D:6)
  7 iguanas
  17 orc wizards
  3 killer bee zombies
  A hound skeleton (D:4)
  A mummy (D:5)
  A howler monkey zombie (D:9)
  8 gnolls
  9 adders
  A river rat (D:4)
  A white imp (D:7)
  2 ufetubi (D:5)
  3 adder skeletons
  An adder zombie (D:5)
  A worm (D:3)
  4 dart slugs
  38 orcs
  7 ball pythons
  5 endoplasms
  7 giant cockroaches
  7 goblins
  9 hobgoblins
  14 jackals
  10 kobolds
  4 quokkas
  6 bats
  6 rats (D:1)
  2 fire vortices (D:15)
374 creatures vanquished.

Vanquished Creatures (others)
  A deep elf pyromancer (D:15)
  A briar patch (Lair:2)
  6 fungi
  25 plants
33 creatures vanquished.

Grand Total: 407 creatures vanquished

Notes
Turn   | Place    | Note
-------+----------+-------------------------------------------
     0 | D:1      | luarocks the Minotaur Berserker began the quest for the
                  | Orb.
     0 | D:1      | Reached XP level 1. HP: 19/19 MP: 0/0
   278 | D:1      | Reached XP level 2. HP: 27/27 MP: 1/1
   492 | D:1      | Reached skill level 4 in Fighting
   607 | D:1      | Reached XP level 3. HP: 33/33 MP: 2/2
   728 | D:1      | Reached ** piety under Trog
   886 | D:1      | Found a faded altar of an unknown god.
  1642 | D:2      | Reached skill level 1 in Shields
  1642 | D:2      | Reached XP level 4. HP: 33/40 MP: 3/3
  1702 | D:2      | Found Ynke's Magic Scroll Shop.
  1710 | D:2      | Bought a scroll of identify for 22 gold pieces
  1710 | D:2      | Bought a scroll of fog for 22 gold pieces
  1710 | D:2      | Bought 2 scrolls of noise for 22 gold pieces
  3138 | D:4      | Found a staircase to the Ecumenical Temple.
  3147 | D:4      | Reached XP level 5. HP: 47/47 MP: 4/4
  3158 | D:4      | You fall into a shaft and drop 2 floors!
  3163 | D:6      | Reached skill level 1 in Axes
  3179 | D:5      | Entered Level 5 of the Dungeon
  3194 | D:5      | Noticed a sky beast
  3204 | D:5      | Killed a sky beast
  3205 | D:5      | Reached skill level 5 in Fighting
  3205 | D:5      | Reached XP level 6. HP: 33/56 MP: 5/5
  3433 | D:5      | Reached *** piety under Trog
  3434 | D:5      | Reached skill level 5 in Armour
  3439 | D:5      | Reached XP level 7. HP: 47/62 MP: 6/6
  3543 | D:5      | Reached skill level 6 in Fighting
  4131 | D:4      | Reached XP level 8. HP: 71/71 MP: 7/7
  4191 | D:4      | Found an ornate altar of the Wu Jian Council.
  4237 | D:4      | Found a runed translucent door.
  4238 | D:4      | Noticed Crazy Yiuf
  4405 | D:4      | Killed Crazy Yiuf
  4902 | D:5      | Reached skill level 7 in Fighting
  4939 | D:5      | Found a snail-covered altar of Cheibriados.
  4950 | D:5      | Reached skill level 5 in Axes
  5198 | D:5      | Reached **** piety under Trog
  5363 | D:6      | Noticed a hornet
  5429 | D:6      | Killed a hornet
  5432 | D:6      | Reached skill level 5 in Dodging
  5432 | D:6      | Reached XP level 9. HP: 70/81 MP: 8/8
  5576 | D:6      | Found a hide-covered altar of Uskayaw.
  5586 | D:6      | Reached skill level 8 in Fighting
  6046 | D:6      | Found Doaphac's Distillery.
  6096 | D:6      | Bought a potion of flight for 42 gold pieces
  6096 | D:6      | Bought a potion of lignification for 42 gold pieces
  6096 | D:6      | Bought a potion of might for 56 gold pieces
  6613 | D:7      | Found a blossoming altar of Fedhas.
  6619 | D:7      | Found a sparkling altar of Nemelex Xobeh.
  6621 | D:7      | Found a sacrificial altar of Ru.
  6626 | D:7      | Reached skill level 5 in Shields
  6668 | D:7      | Found a broken altar of Ashenzari.
  6669 | D:7      | Found a white marble altar of Elyvilon.
  6669 | D:7      | Found a stormy altar of Qazlal.
  6670 | D:7      | Found a basalt altar of Yredelemnul.
  7026 | D:7      | Found Xaokhlore's Hydra Hut.
  7027 | D:7      | Noticed a four-headed hydra
  7035 | D:7      | Reached skill level 9 in Fighting
  8049 | D:8      | Noticed Psyche
  8059 | D:8      | Killed Psyche
  8060 | D:8      | Reached XP level 10. HP: 91/91 MP: 9/9
  8727 | D:9      | Found a staircase to the Orcish Mines.
  8762 | D:9      | Noticed Maggie
  8768 | D:9      | Noticed a gargoyle
  8772 | D:9      | Killed Maggie
  8773 | D:9      | Reached skill level 10 in Fighting
  8779 | D:9      | Killed a gargoyle
  8932 | D:9      | Reached skill level 10 in Armour
  9173 | D:10     | Entered Level 10 of the Dungeon
  9446 | D:10     | Found a staircase to the Lair.
  9490 | D:10     | Noticed Snorg
  9502 | D:10     | Killed Snorg
  9503 | D:10     | Reached XP level 11. HP: 87/101 MP: 10/10
 10025 | D:10     | Reached skill level 11 in Fighting
 10067 | D:10     | Noticed a tengu warrior
 10069 | D:10     | Reached skill level 10 in Axes
 10087 | D:10     | Killed a tengu warrior
 10354 | D:10     | Identified the +9 hand axe "Kaesh" {antimagic, rF+ Str+3}
 10602 | D:11     | Noticed a two-headed ogre
 10609 | D:11     | Killed a two-headed ogre
 11552 | D:11     | Noticed a two-headed ogre
 11560 | D:11     | Killed a two-headed ogre
 12079 | D:11     | Found a runed translucent gate.
 12079 | D:11     | Found a runed translucent gate.
 12079 | D:11     | Found a runed translucent gate.
 12079 | D:11     | Noticed a red ugly thing
 12080 | D:11     | Noticed a white ugly thing
 12080 | D:11     | Noticed a green ugly thing
 12080 | D:11     | Noticed a glowing orange brain
 12080 | D:11     | Noticed a white ugly thing
 12081 | D:11     | Noticed a red ugly thing
 12919 | D:12     | Reached skill level 12 in Fighting
 13006 | D:12     | Noticed a red ugly thing
 13015 | D:12     | Killed a red ugly thing
 13016 | D:12     | Reached XP level 12. HP: 112/112 MP: 3/11
 13224 | D:13     | Noticed a two-headed ogre
 13224 | D:13     | Noticed a two-headed ogre
 13224 | D:13     | Noticed a death knight
 13225 | D:13     | Noticed a two-headed ogre
 13227 | D:13     | Noticed a two-headed ogre
 13229 | D:13     | Noticed an ogre mage
 13239 | D:12     | Killed a death knight
 13439 | D:12     | Killed a two-headed ogre
 13441 | D:12     | Killed a two-headed ogre
 13444 | D:12     | Killed a two-headed ogre
 13717 | D:13     | Noticed a two-headed ogre
 13724 | D:13     | Killed a two-headed ogre
 13728 | D:13     | Killed a two-headed ogre
 13733 | D:13     | Killed an ogre mage
 14003 | D:13     | Noticed an eight-headed hydra
 14014 | D:13     | Killed a 14-headed hydra
 14015 | D:13     | Reached skill level 10 in Shields
 14516 | D:14     | Noticed a centaur warrior
 14516 | D:14     | Noticed a two-headed ogre
 14523 | D:14     | Killed a centaur warrior
 14527 | D:14     | Killed a two-headed ogre
 14528 | D:14     | Reached skill level 13 in Fighting
 14584 | D:14     | Identified the +6 trident "Gixef" {protect, Int+4}
 14681 | D:14     | Noticed a centaur warrior
 14703 | D:14     | Killed a centaur warrior
 14882 | D:14     | Found a gate to the Vaults.
 14882 | D:14     | Noticed a two-headed ogre
 14893 | D:14     | Killed a two-headed ogre
 14894 | D:14     | Reached XP level 13. HP: 122/122 MP: 4/12
 15413 | D:14     | Noticed a dire elephant
 15413 | D:14     | Noticed a dire elephant
 15428 | D:14     | Killed a dire elephant
 15434 | D:14     | Killed a dire elephant
 15895 | D:15     | Entered Level 15 of the Dungeon
 16593 | Temple   | Entered the Ecumenical Temple
 16804 | Lair:1   | Entered Level 1 of the Lair of Beasts
 18261 | Lair:2   | Reached skill level 14 in Fighting
 18340 | Lair:2   | Found a transporter.
 18372 | Lair:2   | Found a transporter.
 18819 | Lair:2   | Mangled by a cane toad

Illustrated notes

Levels and vault maps discovered:
D:1:      evilmike_arrival_fibonacci_small, layout_basic,
          shapermc_ecumenical_altar_mp_highgroup
D:2:      layout_basic, serial_shops,
          nicolae_shop_temple_entry_statues_fountains, chequers_jeans,
          feat_on_display
D:3:      layout_rooms
D:4:      layout_rooms, pdpol_wu_jian_five_deadly_venoms,
          minmay_temple_entry_oklob, portal_sewer_entry_b,
          uniq_crazy_yiuf_cottage
D:5:      minmay_diamond_boxcup, layout_basic, slow_altar_1, minmay_starry_boxes
D:6:      layout_loops_corners, nicolae_uskayaw_murder_on_the_dancefloor,
          serial_shops, nicolae_shop_trees
D:7:      layout_loops_ring, grunt_temple_overflow_open, glass_columns_b,
          doesnt_shop_hydraphobe
D:8:      layout_basic, david_defended_altar_orc, uniq_psyche
D:9:      layout_rooms, orc_0_dummy, minmay_misc_feat_hallway, uniq_maggie
D:10:     layout_irregular_city, david_lair_shrubbed, grunt_decor_junction,
          minmay_chambers_of_fives, uniq_snorg
D:11:     layout_roguey, ploomutoo_gammafunk_ghost_potion_laboratory
D:12:     layout_irregular_city
D:13:     layout_cross, minivault_5
D:14:     layout_roguey, david_vaults_1, chequers_serial_rivers_micro_c,
          beargit_elvish_explorers
D:15:     hangedman_depths_entry_try_elsewhere_first, layout_basic,
          roderic_lattice_octagonal_star, chequers_serial_rivers_small_3
Temple:   hc_temple_tempest_star
Lair:1:   layout_chaotic_city, st_stairs_4, lemuel_fruit_tree
Lair:2:   gammafunk_worm_tunnel, layout_misc_corridors,
          minmay_lair_oklob_chamber

Skill      XL: |  1  2  3  4  5  6  7  8  9 10 11 12 13 |
---------------+----------------------------------------+-----
Polearms       | 4 |  4.6
Fighting       | 4 5 6 7 9 10 12 13 14 | 14.0
Armour         | 3 4 5 6 7 9 10 11 12 13 | 13.8
Shields        | 1 2 3 4 5 6 8 10 11 | 11.5
Axes           | 2 3 4 6 8 9 11 12 13 | 13.3
Dodging        | 3 4 5 6 7 8 9 |  9.4

Action                   |  1- 3 |  4- 6 |  7- 9 | 10-12 | 13-15 || total
-------------------------+-------+-------+-------+-------+-------++-------
Melee: Spear             |    86 |    68 |       |       |       ||   154
       Headbutt          |     7 |    15 |    53 |   108 |    54 ||   237
       War axe           |       |    34 |   200 |   152 |       ||   386
       Hand axe          |       |       |       |   224 |   210 ||   434
 Fire: Hunting sling     |       |    33 |   110 |    17 |    39 ||   199
Throw: Dart              |     5 |     4 |    17 |    38 |    14 ||    78
       Boomerang         |       |       |     1 |     8 |       ||     9
       Javelin           |       |       |       |     6 |       ||     6
Invok: Berserk           |     2 |     3 |     7 |    18 |     6 ||    36
       Trog's Hand       |       |       |     4 |    12 |     4 ||    20
  Use: Scroll            |       |     1 |     4 |    14 |     1 ||    20
       Potion            |       |       |     2 |       |       ||     2
 Stab: Sleeping          |     1 |       |       |       |       ||     1
Armor: Animal skin       |     7 |     5 |       |       |       ||    12
       Ring mail         |       |    18 |    68 |       |       ||    86
       Plate armour      |       |       |       |   241 |    37 ||   278
Dodge: Dodged            |    23 |    35 |   103 |   185 |    47 ||   393
Block: Kite shield       |       |       |       |   187 |    96 ||   283
